 Dungeon Crawl Stone Soup version 0.32-a0-791-gfc315c9ecd (webtiles) character file.

Game seed: 14204590383653961913

17 ytrimaz the Conjurer (level 2, -2/17 HPs)
             Began as an Octopode Conjurer on Mar 20, 2024.
             Slain by a quokka (5 damage)
             ... on level 1 of the Dungeon.
             The game lasted 00:00:32 (255 turns).

ytrimaz the Conjurer (Octopode Conjurer)             Turns: 255, Time: 00:00:32

Health: -2/17      AC:  1    Str:  6    XL:     2   Next: 62%
Magic:  1/5        EV: 12    Int: 20    God:
Gold:   9          SH:  0    Dex: 10    Spells: 4/5 levels left

rFire   . . .        (no weapon)
rCold   . . .        (no shield)
rNeg    . . .        (helmet restricted)
rPois   .            (no amulet)
rElec   .            (no ring)
rCorr   .            (no ring)
SInv    .            (no ring)
Will    .....        (no ring)
Stlth   +++          (no ring)
HPRegen 0.22/turn    (no ring)
MPRegen 0.09/turn    (no ring)
                     (no ring)

%: no passive effects
@: no status effects
A: almost no armour, amphibious, 8 rings, camouflage 1, gelatinous body 1,
(nimble swimmer 1), tentacles
a: no special abilities


You were on level 1 of the Dungeon.
You visited 1 branch of the dungeon, and saw 1 of its levels.

You collected 9 gold pieces.


Innate Abilities, Weirdness & Mutations

You cannot wear most types of armour.
You are amphibious.
You can wear up to eight rings at the same time.
Your skin changes colour to match your surroundings (Stealth+).
Your rubbery body absorbs attacks. (AC +1, EV +1)
((You are camouflaged when in or above water. (Stealth+)))
You have tentacles for arms and can constrict up to eight enemies at once.


   Skills:
 - Level 2.0 Dodging
 - Level 3.0 Stealth
 + Level 2.4 Spellcasting
 + Level 4.3 Conjurations


You had 4 spell levels left.
You knew the following spells:

 Your Spells              Type           Power      Damage    Failure   Level
a - Magic Dart            Conj           76%        1d6       2%          1

Your spell library contained the following spells:

 Spells                   Type           Power      Damage    Failure   Level
 Searing Ray              Conj           38%        2d5       3%          2
 Kiss of Death            Conj/Necr      44%        2d8       6%          1
 Confusing Touch          Hex            2%         N/A       41%         3
 Fulminant Prism          Conj/Alch      5%         3d7       52%         4
 Iskenderun's Mystic Bla  Conj/Tloc      11%        2d4       52%         4
 Dispel Undead            Necr           2%         3d7       83%         4

Inventory:

Jewellery
 c - a ring of ice
   (You found it on level 1 of the Dungeon)
Scrolls
 d - a scroll of teleportation {unknown}
Potions
 a - a potion of magic
 b - a potion of ambrosia {unknown}

Dungeon Overview and Level Annotations

Branches:
Dungeon (1/15) Zot: 5744

Altars:

### # ..# #. #.# #.##
#.# #...######.#
.....#....#
######.#......###
>..?...@).......#
##....r##.....#.########
#..... #..............#
#..... #.....#.######.#
####.# #######....# #.#
.. ####.###.† ...
###.....# ... +........
#########


You could see a quokka.


Message History

A hobgoblin is nearby!
c - a ring of ice
There are no items here.
The magic dart hits the hobgoblin. 😎 MP[-1]
You lost 1 mp, and now have 4/5 mp.
The magic dart hits the hobgoblin.
You kill the hobgoblin! 😎 MP[-1]
You lost 1 mp, and now have 3/5 mp.
You can't see any susceptible monsters within range! (Use Z to cast anyway.)
d - a scroll labelled ZAMIDDUASI 😎 MP[+2]
Your mp is fully restored (5).
A goblin comes into view. It is wielding a +0 dagger.
A goblin is nearby!
A goblin is nearby!
The magic dart hits the goblin.
The goblin shouts!
You hear a shout! 😎 MP[-1]
You lost 1 mp, and now have 4/5 mp.
You miscast Magic Dart.
You are very lightly contaminated with residual magic.
Nothing appears to happen.
A goblin comes into view. It is wielding a +0 dagger. 😎 MP[-1]
You lost 1 mp, and now have 3/5 mp.
The magic dart hits the goblin.
You kill the goblin! 😎 MP[-1]
You lost 1 mp, and now have 2/5 mp.
The magic dart hits the goblin.
You kill the goblin! 😎 MP[-1]
You lost 1 mp, and now have 1/5 mp.
Unknown command.
A dart slug comes into view.
The magic dart hits the dart slug. 😎 MP[-1]
You lost 1 mp, and now have 0/5 mp.
You are out of magic!
A dart slug is nearby!
A dart slug is nearby!
Unknown command.
A quokka comes into view.
Your magical contamination has completely faded away.
You see here a +0 dagger.
Unknown command.
A rat and a hobgoblin come into view.
Found a stone staircase leading down.
You see here a +0 dagger.
You closely miss the rat.
The rat squeaks loudly.
You grab the rat. You squeeze the rat. You constrict the rat.
You kill the rat!
You tentacle-slap the dart slug but do no damage.
You grab the dart slug. You constrict the dart slug.
The dart slug bites you. 😕 HP[-1] MP[+1]
You take 1 damage, and now have 16/17 hp.
You completely miss the dart slug. You constrict the dart slug.
The quokka misses you.
Unknown command.
You tentacle-slap the dart slug but do no damage.
You tentacle-slap the dart slug. You constrict the dart slug.
You kill the dart slug!
The quokka barely misses you.
Unknown command.
You closely miss the hobgoblin. Your grab misses the hobgoblin.
Your squeeze misses the hobgoblin. The quokka bites you.
The hobgoblin misses you. 😮 HP[-4]
You take 4 damage, and now have 12/17 hp.
MASSIVE DAMAGE!! (PAUSE)
You tentacle-slap the hobgoblin but do no damage.
You grab the hobgoblin. You squeeze the hobgoblin. You constrict the hobgoblin.
You kill the hobgoblin!
The quokka misses you. The quokka barely misses you. 😕 HP[+1]
You tentacle-slap the quokka. Your grab misses the quokka.
The quokka barely misses you.
Unknown command.
You barely miss the quokka. Your grab misses the quokka.
Your squeeze misses the quokka. The quokka bites you. 😮 HP[-3]
You take 3 damage, and now have 10/17 hp.
You tentacle-slap the quokka but do no damage.
Your grab misses the quokka. The quokka bites you.
* * * LOW HITPOINT WARNING * * *
😨 HP[-4]
You take 4 damage, and now have 6/17 hp.
MASSIVE DAMAGE!! (PAUSE)
You tentacle-slap the quokka. Your grab misses the quokka.
The quokka bites you.
* * * LOW HITPOINT WARNING * * *
😱 HP[-4]
You take 4 damage, and now have 2/17 hp.
MASSIVE DAMAGE!! (PAUSE)
You tentacle-slap the quokka. Your grab misses the quokka.
The quokka bites you.
You die...

Skill      XL: |  1 |
---------------+----+-----
Stealth        | 3 |  3.0
Dodging        | |  2.0
Spellcasting   | |  2.4
Conjurations   | |  4.3

Action                     || total
---------------------------++-------
  Melee: Unarmed           ||    21
         Constrict         ||     7
         Tentacles         ||     4
         Punch             ||     1
   Cast: Magic Dart        ||    14
   Stab: Sleeping          ||     1
 Armour: Skin              ||    10
  Dodge: Dodged            ||    11

Levels and vault maps discovered:
D:1:      scummos_arrival_hexagon, layout_basic

Notes
Turn   | Place    | Note
-------+----------+-------------------------------------------
     0 | D:1      | ytrimaz the Octopode Conjurer began the quest for the Orb.
     0 | D:1      | Reached XP level 1. HP: 11/11 MP: 3/3
     0 | D:1      | magus.rc [v1.9.6]
    67 | D:1      | Reached skill level 3 in Stealth
   140 | D:1      | Reached XP level 2. HP: 17/17 MP: 5/5
   156 | D:1      | You pick up a book of Touch and begin reading...
   156 | D:1      | You add the spells Kiss of Death, Confusing Touch and
                  | Dispel Undead to your library.
   254 | D:1      | HP: 2/17 [quokka (4)]
   255 | D:1      | Slain by a quokka

Vanquished Creatures
  A dart slug (D:1)
  A giant cockroach (D:1)
  2 goblins (D:1)
  3 hobgoblins (D:1)
  2 jackals (D:1)
  2 frilled lizards (D:1)
  3 rats (D:1)
14 creatures vanquished.

Table legend:
 A = Non-vault XP
 B = Vault XP
 C = Vault XP percentage of total XP
 D = Non-vault monster count
 E = Vault monster count
 F = Vault count percentage of total count
                 A         B        C        D         E       F
            +---------+---------+-------+---------+---------+-------
      Total |      25 |       0 |   0.0 |      14 |       0 |   0.0
            +---------+---------+-------+---------+---------+-------
        D:1 |      25 |       0 |   0.0 |      14 |       0 |   0.0
            +---------+---------+-------+---------+---------+-------

Skill      XL: |  1 |
---------------+----+-----
Stealth        | 3 |  3.0
Dodging        | |  2.0
Spellcasting   | |  2.4
Conjurations   | |  4.3

Action                     || total
---------------------------++-------
  Melee: Unarmed           ||    21
         Constrict         ||     7
         Tentacles         ||     4
         Punch             ||     1
   Cast: Magic Dart        ||    14
   Stab: Sleeping          ||     1
 Armour: Skin              ||    10
  Dodge: Dodged            ||    11

Illustrated notes

Table legend:
 A = Kills in this place as a percentage of kills in the entire game.
 B = Kills by you in this place as a percentage of kills by you in the entire game.
 C = Kills by friends in this place as a percentage of kills by friends in the entire game.
 D = Other kills in this place as a percentage of other kills in the entire game.
 E = Experience gained in this place as a percentage of experience gained in the entire game.
 F = Experience gained in this place divided by the number of levels of this place that you have seen.
                   A       B       C       D       E      F
               +-------+-------+-------+-------+-------+----------------------
         Total | 100.0 | 100.0 |   N/A |   N/A | 100.0 |  25.0
       Dungeon | 100.0 | 100.0 |   N/A |   N/A | 100.0 |  25.0
               +-------+-------+-------+-------+-------+----------------------

Table legend: (Time is in decaauts)
 A = Elapsed time spent in this place.
 B = Non-inter-level travel time spent in this place.
 C = Inter-level travel time spent in this place.
 D = Time resting spent in this place.
 E = Time spent auto-exploring this place.
 F = Levels seen in this place.
 G = Mean time per level.
                   A        B        C        D        E       F      G
               +--------+--------+--------+--------+--------+-----+--------+
         Total |    255 |    255 |      0 |      0 |    168 |   1 |  255.0 |
       Dungeon |    255 |    255 |      0 |      0 |    168 |   1 |  255.0 |
               +--------+--------+--------+--------+--------+-----+--------+

Top non-repeatable levels by time:
     D:1: 255 daAuts
